 Dungeon Crawl Stone Soup version bcrawl-1.41.1 (console) character file.

Game seed: 13158720704719323362

8063795 Snarwin the Ruinous (level 23, -23/140 HPs)
             Began as an Avariel Air Elementalist on Apr 9, 2024.
             Was the Champion of Vehumet.
             Killed by the air
             ... invoked by a titan
              (53 damage)
             ... on level 3 of the Depths on Apr 14, 2024.
             The game lasted 14:09:09 (61792 turns).

Snarwin the Ruinous (Avariel Air Elementalist)     Turns: 61792, Time: 14:09:09

Health: -23/140    AC: 23    Str:  9    XL:     23   Next: 86%
Magic:  31/56      EV: 17    Int: 35    God:    Vehumet [******]
Gold:   3570       SH: 11    Dex: 11    Spells: 12/52 levels left

rFire    + . .     GDR:     34% a - staff of power
rCold    + . .     SeeInvis +   x - +0 medium shield
rNeg     . . .     Gourm    .   E - +0 acid dragon scales
rPois    +         Faith    .   G - +1 helmet
rElec    +         Spirit   .   W - +5 cloak of Death Resistance {MR+ SInv}
rCorr    +         Reflect  .   m - +1 pair of gloves
MR       ++++.                  Q - +1 pair of boots of Lakaqyock {rElec rC+ SInv Stlth+}
Stlth    +++++.....             F - amulet of the acrobat
HPRegen  0.33/turn              O - ring of Xarphuir {+Blink rElec MR+ Stlth++}
MPRegen  0.35/turn              L - ring "Mul Wos" {rPois rF+ rCorr Int+6 Dex-2}

@: flayed, flying quickly and evasively, very slightly contaminated, studying 3
skills, quick
A: able to fly
}: 3/15 runes: serpentine, barnacled, slimy
a: Stop Flying, Renounce Religion, Evoke Blink


You were on level 3 of the Depths.
You worshipped Vehumet.
Vehumet was exalted by your worship.
You were hungry.

You visited 10 branches of the dungeon, and saw 39 of its levels.
You also visited: Ice Cave and Wizlab.

You collected 5628 gold pieces.
You spent 2058 gold pieces at shops.

Inventory:

Hand Weapons
 b - a +0 demon trident of piercing
Missiles
 z - 6 throwing nets {=f}
Armour
 m - a +1 pair of gloves (worn)
 x - a +0 medium shield (worn)
 E - +0 acid dragon scales (worn)
 G - a +1 helmet (worn)
 Q - the +1 pair of boots of Lakaqyock (worn) {rElec rC+ SInv Stlth+}
   (You found it on level 4 of the Lair of Beasts)

   It protects you from cold.
   It insulates you from electricity.
   It lets you see invisible.
   It makes you more stealthy.
 W - the +5 cloak of Death Resistance (worn) {MR+ SInv}
   (You found it in a wizard's laboratory)

   It affects your resistance to hostile enchantments.
   It lets you see invisible.
Magical Staves
 a - an uncursed staff of power (weapon)
 c - an uncursed staff of conjuration
Jewellery
 s - an uncursed ring of ice
 F - an amulet of the acrobat (around neck)
 L - the ring "Mul Wos" (right hand) {rPois rF+ rCorr Int+6 Dex-2}
   (You took it off a spriggan on level 3 of the Spriggan Forest)

   [ring of resist corrosion]

   It affects your intelligence (+6).
   It affects your dexterity (-2).
   It protects you from fire.
   It protects you from poison.
   It provides partial protection from all sources of acid and corrosion.
 N - the ring of Keniwumi {rC- rN+++ Str+3 SInv}
   (You found it on level 5 of the Pits of Slime)

   [ring of strength]

   It affects your strength (+3).
   It makes you vulnerable to cold.
   It renders you almost immune to negative energy.
   It lets you see invisible.
 O - the ring of Xarphuir (left hand) {+Blink rElec MR+ Stlth++}
   (You found it in an ice cave)

   [ring of stealth]

   It insulates you from electricity.
   It affects your resistance to hostile enchantments.
   It lets you blink.
   It makes you much more stealthy.
Wands
 D - a wand of iceblast (39)
 H - a wand of acid (10)
 I - a wand of scattershot (1)
 K - a wand of digging (43)
 V - a wand of charming (15)
 Z - a wand of clouds (8)
Scrolls
 g - 2 scrolls of fog
 h - 14 scrolls of remove curse
 k - 5 scrolls of fear
 p - 6 scrolls of immolation
 v - a scroll of vulnerability
 y - 19 scrolls of teleportation
 A - 8 scrolls of enchant weapon
 B - 8 scrolls of blinking
 M - 5 scrolls of enchant armour
 T - 3 scrolls of amnesia
 U - 3 scrolls of revelation
Potions
 d - 4 potions of resistance
 j - 2 potions of agility
 l - 2 potions of heal wounds
 o - a potion of invisibility
 r - 5 potions of cancellation
 t - 4 potions of brilliance
 u - 12 potions of curing
 w - 3 potions of ambrosia
 C - 7 potions of lignification
 P - 8 potions of mutation
 R - 4 potions of magic
 Y - 3 potions of haste
Miscellaneous
 f - a sack of spiders
 i - a lamp of fire
 n - a lightning rod (4/4)
 q - a phantom mirror
 J - a fan of gales (2/2)
Comestibles
 e - 40 rations {!d}


   Skills:
 - Level 13.0 Fighting
 + Level 8.0(8.3) Polearms
 - Level 3.0(6.3) Staves
   Level 2.0(2.1) Slings
 - Level 1.2(2.0) Throwing
 - Level 13.0 Armour
 - Level 13.0 Dodging
 - Level 3.0 Stealth
 - Level 11.0 Shields
 - Level 15.0 Spellcasting
 - Level 22.0 Conjurations
 - Level 7.0 Charms
 - Level 15.0 Summonings
 - Level 4.0 Necromancy
 - Level 5.0 Translocations
 - Level 22.0 Air Magic
 - Level 1.0 Poison Magic
 - Level 10.0 Evocations


You had 12 spell levels left.
You knew the following spells:

 Your Spells              Type           Power        Failure   Level  Hunger
a - Shock                 Conj/Air       #######      0%          2    None
b - Swiftness             Chrm/Air       #######.     1%          2    None
c - Mephitic Cloud        Conj/Pois/Air  #######.     1%          3    None
d - Lightning Bolt        Conj/Air       ########     0%          4    None
f - Airstrike             Air            ########..   0%          4    None
o - Orb of Destruction    Conj           ########..   1%          7    #####..
B - Blink                 Tloc           N/A          2%          2    None
K - Chain Lightning       Conj/Air       ########..   2%          8    ######.
L - Summon Lightning Spi  Summ/Air       ########     1%          5    None
R - Regeneration          Chrm/Necr      ######....   3%          3    None

Your spell library contained the following spells:

 Spells                   Type           Power        Failure   Level  Hunger
 Glaciate                 Conj/Ice/Air   #######...   43%         8    ######.
 Tornado                  Tloc/Air       #######...   56%         8    ######.
 Magic Dart               Conj           ####         0%          1    None
 Static Discharge         Air            ######       0%          1    None
 Searing Ray              Conj           ########     0%          2    None
 Iskenderun's Mystic Bla  Conj           ########     0%          3    None
 Blink Other              Tloc           ######       1%          1    None
 Infusion                 Chrm           ######..     1%          1    None
 Summon Butterflies       Summ           #######.     1%          1    None
 Summon Small Mammal      Summ           ####         1%          1    None
 Call Imp                 Summ           ######       1%          2    None
 Song of Slaying          Chrm           ######..     1%          2    None
 Throw Frost              Conj/Ice       ######       1%          2    None
 Call Canine Familiar     Summ           #######.     1%          3    None
 Conjure Flame            Conj/Fire      #######.     1%          3    None
 Dazzling Orbs            Conj/Hex       #######      1%          3    None
 False Image              Hex/Summ       ######..     1%          3    None
 Stone Arrow              Conj/Erth      ######       1%          3    None
 Fulminant Prism          Conj/Hex       #######...   1%          4    None
 Throw Icicle             Conj/Ice       #######.     1%          4    None
 Bolt of Draining         Conj/Necr      #######...   1%          5    None
 Freezing Cloud           Ice/Air        #######.     1%          5    None
 Irradiate                Conj/Tmut      #######...   1%          5    None
 Iskenderun's Battlesphe  Conj/Chrm      #######.     1%          5    None
 Conjure Ball Lightning   Conj/Air       ########..   1%          6    ###....
 Freeze                   Ice            ####..       3%          1    None
 Sandblast                Erth           ####..       3%          1    None
 Corpse Rot               Necr           N/A          3%          2    None
 Sublimation of Blood     Necr           ######....   3%          2    None
 Summon Hydra             Summ           #######...   3%          6    ###....
 Summon Ice Beast         Ice/Summ       ######..     4%          4    None
 Summon Forest            Summ/Tloc      #######...   4%          5    None
 Poison Arrow             Conj/Pois      #######...   4%          6    ###....
 Bolt of Cold             Conj/Ice       #######...   5%          6    ###....
 Ozocubu's Armour         Chrm/Ice       ######..     8%          3    None
 Spectral Weapon          Hex/Chrm       ######..     8%          3    None
 Inner Flame              Hex/Fire       N/A          9%          3    None
 Beastly Appendage        Tmut           ####..       11%         1    None
 Corona                   Hex            ####...      11%         1    None
 Slow                     Hex            ####....     11%         1    None
 Ensorcelled Hibernation  Hex/Ice        ####..       17%         2    None
 Passwall                 Tmut/Erth      ####....     17%         2    None
 Shackle                  Hex            ####....     17%         2    None
 Piercing Shot            Chrm           ######....   17%         5    None
 Agony                    Necr           ######..     22%         4    None
 Spider Form              Tmut/Pois      ###          26%         3    None
 Icicle Burst             Conj/Ice       #######...   26%         7    #####..
 Yara's Violent Unravell  Hex/Tmut       ####......   28%         4    None
 Confuse                  Hex            ####....     32%         3    None
 Tukima's Dance           Hex            ####....     32%         3    None
 Lee's Rapid Deconstruct  Erth           ####......   58%         5    None
 Steam Barrier            Chrm/Fire      ######....   58%         5    None
 Cause Fear               Hex            ####......   73%         4    None
 Ice Form                 Ice/Tmut       ####....     73%         4    None
 Petrify                  Tmut/Erth      ####......   73%         4    None
 Tree Form                Hex/Tmut       N/A          73%         4    None
 Lehudib's Crystal Spear  Conj/Erth      #######...   87%         8    ######.
 Blade Hands              Tmut           ####......   97%         5    None
 Metabolic Englaciation   Hex/Ice        ####......   97%         5    None
 Ozocubu's Refrigeration  Ice            ####......   98%         6    ###....
 Summon Fire Elementals   Fire/Summ      ######...    99%         7    #####..
 Borgnjor's Vile Clutch   Necr/Erth      #####.....   100%        6    ###....
 Simulacrum               Ice/Necr       #####...     100%        6    ###....
 Time Stop                Chrm/Tloc      N/A          100%        8    ######.
 Fire Storm               Fire           ####......   100%        9    #######
 Shatter                  Erth           ####......   100%        9    #######


Dungeon Overview and Level Annotations

Branches:
Dungeon (12/12)            Temple (0/1) D:4            Lair (6/6) D:7
 Shoals (3/3) Lair:4        Snake (3/3) Lair:3        Slime (5/5) Orc
    Orc (1/1) D:10         Vaults (2/3) D:12         Forest (3/3) Lair:5
  Crypt (1/2) Vaults:2     Depths (3/5) D:12

Altars:
Cheibriados
Fedhas
Gozag
Hepliaklqana
Makhleb
Nemelex Xobeh
Okawaru
Trog
Vehumet
Yredelemnul
Zin
The Shining One
Jiyva

Shops:
D:7 =   D:10 :   Orc !=[(   Vaults:1 =

Portals:
Hell: Depths:1 Depths:2
Abyss: Depths:1 Depths:2
Ziggurat: Depths:2

Annotations:
D:3 Ijyb
Depths:3 Zenata


Innate Abilities, Weirdness & Mutations

You can fly continuously.


Message History

A glowing orange brain comes into view.
The rakshasa gestures at you. The orb of energy hits you!!
The orb of energy explodes!
* * * LOW HITPOINT WARNING * * *
A deep troll comes into view.
The deep troll earth mage casts a spell next to you.
The wall shatters!
The blast of rock fragments hits you but does no damage.
The deep troll earth mage shouts!
The deep troll shouts!
You hear a shout! x3
You hear a horrible gurgling sound!
You hear a shout!
Okay, then.
Okay, then.
Okay, then.
Press: ? - help, v - describe, . - travel
Here: a titan You feel much better.
The tengu reaver mumbles some strange words.
The titan waves its arms in wide circles.
The air twists around and violently strikes you in flight!!!
You die...

.....#....
.J....#..######
#.QuJC.... ...
#......##.#
#.CR§§§...#
#.J§§...#
##.J.C...#
#..#......#
#..##..).@..#
#. #.T..#### .
#..........
#......####
..T.....#
###.G...##
?...C## #.TT.##
#....#


You could see a titan, a frost giant, a tengu reaver, 2 deep trolls, a white
ugly thing, an ettin, a rakshasa, a large slime creature, 2 slime creatures, a
glowing orange brain and 2 deep troll earth magi.

Vanquished Creatures
  the Royal Jelly (Slime:5)
  Mara (Snake:3)
  Vashnia (Snake:3)
  2 caustic shrikes (Forest:3)
  Frances (D:12)
  Rupert (Lair:3)
  9 wendigos (Forest:3)
  27 acid blobs
  A kraken (Shoals:1)
  Kirke (Snake:1)
  An eldritch tentacle (WizLab)
  Agnes (Forest:3)
  2 greenwood witches (Forest:3)
  3 thorn hunters
  10 nagarajas (Snake:3)
  2 tengu reavers
  8 azure jellies
  3 fire giants
  An apis (Forest:2)
  2 frost giants
  Louise (Depths:2)
  4 iron dragons (Depths:2)
  2 vault wardens
  The ghost of zoran the Spear-Bearer, a journeyman MfHu of Yredelemnul (Snake:1)
  2 orc warlords
  2 ironheart preservers
  The ghost of Kuerar the Basher, a journeyman BaFi of Cheibriados (Lair:4)
  2 stone giants
  4 very ugly things
  2 elemental wellsprings (Forest:3)
  4 spriggan defenders (Forest:3)
  A green draconian (WizLab)
  A deep elf annihilator (Vaults:2)
  13 dire elephants
  6 spark wasps (Depths:2)
  4 merfolk javelineers (Shoals:3)
  2 deep elf death magi (Depths:2)
  4 fire dragons
  An eidolon (Crypt:1)
  5 ettins
  Azrael (D:12)
  3 yaktaur captains
  2 merfolk impalers (Shoals:3)
  Fannar (Lair:3)
  5 rakshasas
  A deep elf high priest (Depths:2)
  2 ice dragons
  3 shambling mangroves
  10 naga warriors
  2 spriggan air magi (Forest:3)
  A vault guard (D:12)
  12 anacondas
  A shadow wraith (Vaults:1)
  A merfolk avatar (Shoals:3)
  2 death knights (Vaults:2)
  A merfolk aquamancer (Shoals:3)
  7 hydras
  An alligator snapping turtle (Shoals:3)
  4 great orbs of eyes
  2 ogre magi
  8 two-headed ogres
  A thrashing horror (WizLab)
  2 deep troll shamans (Depths:2)
  7 ancient automatons
  14 death oozes
  A deep troll earth mage (Depths:1)
  5 sea snakes
  4 spriggan berserkers
  15 death yaks
  An orc high priest (Orc)
  6 satyrs
  2 ironheart beastmasters
  10 spriggans
  8 naga sharpshooters
  A sun demon (Depths:2)
  2 deep elf knights (Vaults:2)
  6 shock serpents
  7 deep trolls
  A salamander mystic (Snake:3)
  3 soul eaters
  8 centaur warriors
  A sixfirhy (Depths:2)
  Nergalle (Lair:3)
  An iron troll (Depths:2)
  2 skeletal warriors
  2 glowing orange brains (WizLab)
  7 hell knights (Depths:2)
  2 spriggan druids (Forest:3)
  An unseen horror (WizLab)
  6 naga ritualists
  7 cyclopes
  3 wolf spiders
  A lindwurm (Lair:4)
  An obsidian statue (WizLab)
  3 ironheart convokers (Vaults:2)
  9 mana vipers
  A phantasmal warrior (Crypt:1)
  5 wizards
  2 wolf spider zombies
  7 harpies
  5 deep elf magi
  3 deep elf archers (Vaults:2)
  An orc knight (Orc)
  A necromancer (Vaults:1)
  5 manticores
  13 ugly things
  2 orc sorcerers (Orc)
  7 shining eyes
  An apocalypse crab (WizLab)
  7 fauns
  A moth of wrath (Lair:4)
  A worldbinder (WizLab)
  10 naga magi
  6 oklob plants
  4 salamanders
  3 vault sentinels
  A will-o'-wisp (WizLab)
  6 elephants
  17 black mambas
  5 rust devils (Depths:2)
  A dire elephant zombie (Crypt:1)
  7 ice statues
  3 merfolk sirens (Shoals:3)
  An elephant (shapeshifter) (Vaults:2)
  A smoke demon (Depths:2)
  4 orange demons
  7 water nymphs
  5 guardian serpents
  3 rime drakes
  9 cane toads
  2 komodo dragons (Lair:6)
  2 gargoyles
  A freezing wraith (Vaults:2)
  2 hellwings (Depths:2)
  A dryad (Forest:3)
  An eye of draining (shapeshifter) (Depths:1)
  2 tormentors (Depths:2)
  An efreet (D:9)
  19 yaktaurs
  2 anaconda simulacra (IceCv)
  A golden dragon simulacrum (IceCv)
  A red devil (Depths:2)
  An eye of draining (D:9)
  3 ice devils (Depths:2)
  3 wind drakes
  Maurice (D:8)
  14 blink frogs
  8 merfolk
  7 trolls
  12 hornets
  Grinder (D:6)
  104 slime creatures
  5 snapping turtles (Shoals:3)
  A raiju (shapeshifter) (Depths:1)
  2 raiju (WizLab)
  13 dream sheep
  A dream sheep (shapeshifter) (Vaults:2)
  A meliai zombie (D:11)
  11 hippogriffs
  An air elemental (WizLab)
  A wraith (Vaults:2)
  A shadow (D:11)
  19 yaks
  5 ynoxinuls
  5 hogs (Snake:1)
  10 water elementals
  3 basilisks
  4 wyverns
  2 hungry ghosts
  3 fire elementals (D:12)
  A neqoxec (Depths:2)
  A vampire mosquito (D:9)
  3 golden eyes (Slime:4)
  2 chaos spawn
  4 iron troll simulacra (IceCv)
  23 nagas
  2 spatial vortices (WizLab)
  Edmund (D:5)
  3 wargs
  2 acid dragons
  7 crocodiles
  A hydra simulacrum (IceCv)
  4 water moccasins
  10 porcupines
  5 hell hounds
  7 ice beasts
  27 orc warriors
  A phantom (D:6)
  5 black bears
  A necrophage (D:9)
  A hornet zombie (D:11)
  2 sky beasts
  11 ogres
  8 boggarts
  8 wolves
  9 bullfrogs
  A kobold brigand (D:8)
  3 centaurs
  2 wyvern skeletons
  2 scorpions
  2 killer bees
  2 howler monkeys
  25 orc priests
  7 crimson imps
  3 quasits
  A bullfrog zombie (D:6)
  5 jellies
  5 hounds
  21 orc wizards
  A gnoll shaman (D:5)
  2 bullfrog skeletons
  Jessica (D:2)
  Terence (D:3)
  4 iguanas
  6 worker ants
  A hound zombie (D:6)
  A hound skeleton (D:4)
  2 howler monkey zombies
  2 worker ant zombies (D:9)
  Robin (D:2)
  7 gnolls
  8 adders
  A shadow imp (D:5)
  2 oozes
  3 adder skeletons
  An adder zombie (D:5)
  5 worms
  2 dart slugs
  8 leopard geckos
  84 orcs
  2 ball pythons
  5 giant cockroaches
  8 goblins
  14 hobgoblins
  9 jackals
  8 kobolds
  3 quokkas
  6 bats
  A frilled lizard (D:1)
  3 goblin skeletons (D:5)
  A goblin zombie (D:5)
  A hobgoblin zombie (D:5)
  A kobold skeleton (D:5)
  2 orc zombies (D:5)
  A rat (D:2)
  3 fungi
  31 plants
  A tentacle (Shoals:1)
1264 creatures vanquished.

Vanquished Creatures (collateral kills)
  2 acid blobs
  A tengu reaver (Depths:2)
  2 frost giants
  A greenwood witch (Forest:3)
  3 nagarajas
  A vault warden (Vaults:2)
  An orc warlord (Vaults:2)
  3 fire giants
  Aizul (Snake:1)
  3 spriggan defenders (Forest:3)
  An ironheart preserver (Vaults:2)
  2 stone giants
  4 very ugly things
  7 dire elephants
  A deep elf death mage (Crypt:1)
  A merfolk javelineer (Shoals:3)
  An eidolon (Crypt:1)
  2 ettins
  A merfolk impaler (Depths:2)
  2 yaktaur captains (Depths:2)
  2 ice dragons
  2 hydras
  A shambling mangrove (Forest:3)
  Psyche (D:12)
  6 rakshasas
  3 anacondas
  5 naga warriors
  3 satyrs
  2 great orbs of eyes
  2 death knights
  A spriggan air mage (Forest:3)
  A merfolk aquamancer (Shoals:3)
  2 two-headed ogres
  A death ooze (Slime:5)
  Sonja (D:10)
  An alligator snapping turtle (Shoals:3)
  2 ancient automatons (Slime:2)
  A deep troll shaman (Depths:2)
  A death yak (Forest:1)
  2 sea snakes
  An ironheart beastmaster (Vaults:1)
  3 naga sharpshooters
  3 deep trolls
  3 spriggan berserkers
  A vampire mage (Depths:1)
  A soul eater (WizLab)
  3 centaur warriors
  A deep elf knight (Vaults:2)
  3 salamander mystics
  3 glowing orange brains
  A spriggan druid (Forest:3)
  8 cyclopes
  A phantasmal warrior (D:12)
  2 wizards (Vaults:2)
  A wolf spider (Forest:3)
  An orc knight (Orc)
  5 harpies
  11 fauns
  9 ugly things
  3 manticores
  2 elephants (Lair:6)
  3 naga magi (Snake:2)
  7 salamanders
  2 water nymphs
  7 black mambas
  2 vault sentinels
  3 guardian serpents (Snake:3)
  2 merfolk sirens
  A rust devil (Depths:2)
  An orange demon (Depths:2)
  3 cane toads
  A catoblepas zombie (Crypt:1)
  9 yaktaurs
  An anaconda simulacrum (IceCv)
  4 komodo dragons
  An ice devil (WizLab)
  A freezing wraith (D:12)
  2 trolls
  4 hornets
  7 merfolk
  A wind drake (Shoals:1)
  6 blink frogs
  A dream sheep (shapeshifter) (Depths:1)
  12 dream sheep
  Prince Ribbit (D:6)
  38 slime creatures
  2 snapping turtles (Shoals:3)
  A hippogriff (Shoals:2)
  3 spriggans
  A large abomination (WizLab)
  5 wraiths
  A fire elemental (D:12)
  A water elemental (Shoals:2)
  13 yaks
  2 basilisks
  2 hogs (Snake:1)
  2 chaos spawn
  A warg (shapeshifter) (Depths:1)
  A spatial vortex (WizLab)
  3 crocodiles
  28 nagas
  2 wargs (Orc)
  3 hell hounds (D:12)
  2 water moccasins
  13 orc warriors
  An ice beast (IceCv)
  5 black bears (Forest:3)
  A necrophage (D:8)
  An ogre (Orc)
  A wolf (Lair:6)
  2 centaurs
  A wyvern skeleton (D:7)
  A killer bee (shapeshifter) (Vaults:2)
  A killer bee (D:8)
  A howler monkey (D:7)
  2 orc priests
  A bullfrog skeleton (D:10)
  6 orc wizards
  An iguana (D:10)
  A hound skeleton (D:8)
  22 orcs
  8 plants
408 creatures vanquished.

Vanquished Creatures (others)
  3 death yaks (Forest:1)
  42 fungi
  39 plants
  4 tentacles (Shoals:1)
88 creatures vanquished.

Grand Total: 1760 creatures vanquished

Notes
Turn   | Place    | Note
-------+----------+-------------------------------------------
     0 | D:1      | Snarwin the Avariel Air Elementalist began the quest for
                  | the Orb.
     0 | D:1      | Reached XP level 1. HP: 10/10 MP: 6/6
   108 | D:1      | Reached skill level 1 in Fighting
   128 | D:1      | Reached XP level 2. HP: 2/16 MP: 6/8
   192 | D:1      | Learned a level 2 spell: Shock
   216 | D:1      | Got a translucent golden ring
   609 | D:1      | Reached XP level 3. HP: 21/21 MP: 9/9
   615 | D:1      | Learned a level 2 spell: Swiftness
   619 | D:1      | Learned a level 3 spell: Mephitic Cloud
  1420 | D:2      | Identified the cursed ring "Efemiump" {Ice *Slow Dex+4}
                  | (You found it on level 1 of the Dungeon)
  1651 | D:2      | Noticed Jessica
  1696 | D:2      | Killed Jessica
  1697 | D:2      | Reached XP level 4. HP: 19/26 MP: 2/10
  1749 | D:2      | Noticed Robin
  1761 | D:2      | Killed Robin
  1909 | D:2      | Found a faded altar of an unknown god.
  2292 | D:2      | Found a blossoming altar of Fedhas.
  2292 | D:2      | Found a radiant altar of Vehumet.
  2293 | D:2      | Found a glowing silver altar of Zin.
  2307 | D:2      | Found a snail-covered altar of Cheibriados.
  2330 | D:2      | Became a worshipper of Vehumet
  2353 | D:3      | Reached skill level 5 in Air Magic
  2354 | D:3      | Noticed Terence
  2434 | D:3      | Reached XP level 5. HP: 30/30 MP: 4/11
  2473 | D:3      | Found a sparkling altar of Nemelex Xobeh.
  2719 | D:3      | Killed Terence
  2720 | D:3      | Reached skill level 5 in Conjurations
  3121 | D:3      | Reached XP level 6. HP: 35/35 MP: 11/14
  3156 | D:3      | Found an iron altar of Okawaru.
  3173 | D:3      | Reached * piety under Vehumet
  3173 | D:3      | Offered knowledge of Flame Tongue by Vehumet.
  3174 | D:3      | Reached skill level 1 in Poison Magic
  3662 | D:3      | Noticed Ijyb
  3929 | D:4      | Learned a level 4 spell: Lightning Bolt
  3988 | D:4      | Got a clouded glass ring
  3989 | D:4      | Identified the cursed ring "Kelysi" {Dex+3 Stlth--} (You
                  | found it on level 4 of the Dungeon)
  4159 | D:4      | Found a staircase to the Ecumenical Temple.
  4195 | D:4      | Reached skill level 5 in Spellcasting
  4326 | D:4      | Reached XP level 7. HP: 40/40 MP: 11/16
  4641 | D:4      | Offered knowledge of Magic Dart by Vehumet.
  4642 | D:4      | Reached ** piety under Vehumet
  4734 | D:4      | Found a blossoming altar of Fedhas.
  4802 | D:4      | Found an opulent altar of Gozag.
  4898 | D:5      | Entered Level 5 of the Dungeon
  4973 | D:5      | Reached skill level 1 in Slings
  5614 | D:5      | Reached XP level 8. HP: 44/44 MP: 12/17
  5618 | D:5      | Learned a level 2 spell: Call Imp
  5633 | D:5      | Noticed Edmund
  5648 | D:5      | Killed Edmund
  5823 | D:5      | Learned a level 2 spell: Blink
  5884 | D:5      | Found a glowing golden altar of the Shining One.
  6071 | D:5      | Reached skill level 1 in Translocations
  6242 | D:5      | Offered knowledge of Iskenderun's Mystic Blast by Vehumet.
  6652 | D:6      | Reached *** piety under Vehumet
  6748 | D:6      | Learned a level 3 spell: Regeneration
  6778 | D:6      | Reached skill level 1 in Necromancy
  6905 | D:6      | Gained mutation: You can fly continuously. [Avariel growth]
  6905 | D:6      | Reached XP level 9. HP: 50/50 MP: 18/20
  6944 | D:6      | Noticed Prince Ribbit
  7068 | D:6      | Killed Prince Ribbit
  7069 | D:6      | Reached skill level 5 in Dodging
  7147 | D:6      | Offered knowledge of Airstrike by Vehumet.
  7317 | D:6      | Noticed Grinder
  7336 | D:6      | Paralysed by Grinder for 4 turns
  7342 | D:6      | Killed Grinder
  7348 | D:6      | Learned a level 4 spell: Airstrike
  7463 | D:6      | Found a burning altar of Makhleb.
  8402 | D:7      | Reached **** piety under Vehumet
  8497 | D:7      | Reached XP level 10. HP: 58/58 MP: 19/23
  8593 | D:7      | Found a staircase to the Lair.
  8637 | D:7      | Reached skill level 5 in Fighting
  8798 | D:7      | Found Berghall's Jewellery Emporium.
  8803 | D:7      | Bought an uncursed ring of protection from magic for 350
                  | gold pieces
  8803 | D:7      | Bought an uncursed ring of poison resistance for 280 gold
                  | pieces
  8968 | D:7      | Offered knowledge of Iskenderun's Battlesphere by Vehumet.
  9273 | D:8      | Reached skill level 5 in Summonings
  9273 | D:8      | Reached skill level 1 in Evocations
  9362 | D:8      | Noticed Maurice
  9444 | D:8      | Reached skill level 1 in Shields
  9587 | D:8      | Noticed a two-headed ogre
  9625 | D:8      | Killed a two-headed ogre
  9727 | D:8      | Noticed a two-headed ogre
  9736 | D:8      | Killed a two-headed ogre
  9736 | D:8      | Killed Maurice
 10094 | D:9      | Reached skill level 5 in Charms
 10301 | D:9      | Reached XP level 11. HP: 63/63 MP: 20/25
 10349 | D:9      | Reached skill level 5 in Shields
 10569 | D:9      | Noticed a five-headed hydra
 10614 | D:9      | Killed a five-headed hydra
 10903 | D:9      | Found a glowing golden altar of the Shining One.
 11159 | D:9      | Reached ***** piety under Vehumet
 11221 | D:9      | Noticed a centaur warrior
 11225 | D:9      | Killed a centaur warrior
 11225 | D:9      | Offered knowledge of Poison Arrow by Vehumet.
 11272 | D:9      | Noticed a two-headed ogre
 11280 | D:9      | Killed a two-headed ogre
 11660 | D:9      | Got a faintly humming ring mail
 11898 | Lair:1   | Entered Level 1 of the Lair of Beasts
 11898 | Lair:1   | Noticed a four-headed hydra
 11903 | Lair:1   | Killed a four-headed hydra
 11904 | Lair:1   | Reached XP level 12. HP: 73/73 MP: 14/27
 12802 | Lair:1   | Identified the cursed +0 ring mail of the Ditch-Digger {rC+
                  | MP+9 Slay+2} (You found it on level 9 of the Dungeon)
 12852 | Lair:2   | Reached skill level 1 in Armour
 13404 | Lair:2   | Noticed a six-headed hydra
 13423 | Lair:2   | Killed a six-headed hydra
 13424 | Lair:2   | Reached skill level 5 in Armour
 13678 | Lair:2   | Noticed a five-headed hydra
 13695 | Lair:2   | Killed a five-headed hydra
 14075 | Lair:3   | Noticed Rupert
 14393 | Lair:3   | Reached skill level 10 in Fighting
 14470 | Lair:3   | Found a staircase to the Snake Pit.
 14488 | Lair:3   | Learned a level 5 spell: Summon Lightning Spire
 14691 | Lair:3   | Noticed Fannar
 14703 | Lair:3   | Killed Fannar
 15053 | Lair:4   | Reached XP level 13. HP: 71/82 MP: 28/28
 15496 | Lair:4   | Found a transporter.
 15556 | Lair:4   | Noticed Kuerar's ghost (journeyman BaFi)
 15646 | Lair:4   | Found a staircase to the Shoals.
 15658 | Lair:4   | Reached skill level 10 in Air Magic
 15762 | Lair:4   | Found a transporter.
 16915 | Lair:5   | Offered knowledge of Yara's Violent Unravelling by Vehumet.
 16962 | Lair:5   | Reached skill level 10 in Summonings
 17101 | Lair:5   | Found a staircase to the Spriggan Forest.
 17895 | Lair:6   | Entered Level 6 of the Lair of Beasts
 17975 | Lair:6   | Reached skill level 5 in Evocations
 18337 | Lair:6   | Reached XP level 14. HP: 77/88 MP: 29/29
 18380 | Lair:6   | Reached skill level 10 in Spellcasting
 20002 | Lair:6   | Noticed a dire elephant
 20002 | Lair:6   | Noticed a dire elephant
 20015 | Lair:6   | Killed a dire elephant
 20016 | Lair:6   | Killed a dire elephant
 20017 | Lair:6   | Reached skill level 10 in Dodging
 20074 | Lair:6   | Identified the Handbook of Icy Protection
 20096 | Lair:6   | Noticed a dire elephant
 20099 | Lair:6   | Killed a dire elephant
 20159 | Lair:6   | Noticed a dire elephant
 20166 | Lair:6   | Killed a dire elephant
 20626 | Lair:6   | Noticed a dire elephant
 20634 | Lair:6   | Killed a dire elephant
 20778 | Lair:3   | Killed Rupert
 20959 | Lair:3   | Noticed Nergalle
 20974 | Lair:3   | Killed Nergalle
 21549 | D:10     | Entered Level 10 of the Dungeon
 21587 | D:10     | Found Ogaon's Book Emporium.
 21589 | D:10     | Noticed Sonja
 21592 | D:10     | Killed Sonja
 21919 | D:10     | Found a staircase to the Orcish Mines.
 22647 | Orc      | Entered the Orcish Mines
 22699 | Orc      | Found a roughly hewn altar of Beogh.
 22813 | Orc      | Found a roughly hewn altar of Beogh.
 22942 | Orc      | Offered knowledge of Orb of Destruction by Vehumet.
 23230 | Orc      | Reached skill level 10 in Conjurations
 23381 | Orc      | Found a roughly hewn altar of Beogh.
 23386 | Orc      | Found Lisunao's Jewellery Boutique.
 23594 | Orc      | Found a roughly hewn altar of Beogh.
 23595 | Orc      | Found Gelatiuso's Distillery.
 23696 | Orc      | Noticed an orc warlord
 23701 | Orc      | Killed an orc warlord
 23702 | Orc      | Reached XP level 15. HP: 83/92 MP: 31/31
 23780 | Orc      | Learned a level 7 spell: Orb of Destruction
 23838 | Orc      | Found Qamn's Antique Armour Shoppe.
 23840 | Orc      | Found Rogaf's Antique Weapon Emporium.
 23842 | Orc      | Found a roughly hewn altar of Beogh.
 23868 | Orc      | Bought a pair of runed boots for 180 gold pieces
 23878 | Orc      | Identified a +0 pair of boots of running (You bought it in
                  | a shop in the Orcish Mines)
 23956 | Orc      | Found a runed door.
 23956 | Orc      | Found a viscous altar of Jiyva.
 23956 | Orc      | Noticed an acid blob
 23964 | Orc      | Found a roughly hewn altar of Beogh.
 23997 | Orc      | Found a staircase to the Slime Pits.
 24399 | Orc      | Bought an uncursed ring of insulation for 350 gold pieces
 24446 | Orc      | Bought a potion of resistance for 170 gold pieces
 25124 | D:11     | Reached ****** piety under Vehumet
 25124 | D:11     | Offered knowledge of Bolt of Magma by Vehumet.
 25575 | D:12     | Entered Level 12 of the Dungeon
 26113 | D:12     | Noticed Psyche
 26121 | D:12     | Killed Psyche
 26308 | D:12     | Noticed Frances
 26314 | D:12     | Killed Frances
 26442 | D:12     | Noticed Azrael
 26447 | D:12     | Killed Azrael
 26627 | D:12     | Reached skill level 15 in Conjurations
 26706 | D:12     | Found a gate to the Vaults.
 26781 | D:12     | Found a staircase to the Depths.
 27128 | Snake:1  | Entered Level 1 of the Snake Pit
 27228 | Snake:1  | Noticed Aizul
 27239 | Snake:1  | Killed Aizul
 27790 | Snake:1  | Noticed Kirke
 27798 | Snake:1  | Killed Kirke
 27806 | Snake:1  | Noticed zoran's ghost (journeyman MfHu)
 27843 | Snake:1  | Found a runed translucent gate.
 27910 | Snake:1  | Reached XP level 16. HP: 94/97 MP: 27/32
 28051 | Snake:1  | Noticed a nagaraja
 28084 | Snake:1  | Killed a nagaraja
 28208 | Snake:1  | Offered knowledge of Iron Shot by Vehumet.
 28259 | Snake:1  | Found a runed translucent gate.
 28259 | Snake:1  | Found a runed translucent gate.
 28339 | Snake:1  | Killed zoran's ghost
 28698 | Snake:2  | Identified A Beginning Course on Sorcery
 30148 | Snake:3  | Entered Level 3 of the Snake Pit
 30155 | Snake:3  | Noticed a nagaraja
 30169 | Snake:3  | Killed a nagaraja
 30311 | Snake:3  | Noticed a nagaraja
 30328 | Snake:3  | Killed a nagaraja
 30345 | Snake:3  | Noticed a nagaraja
 30351 | Snake:3  | Killed a nagaraja
 30409 | Snake:3  | Noticed a nagaraja
 30428 | Snake:3  | Killed a nagaraja
 30646 | Snake:3  | Reached skill level 10 in Shields
 31033 | Snake:3  | Offered knowledge of Icicle Burst by Vehumet.
 31049 | Snake:3  | Reached XP level 17. HP: 85/102 MP: 23/34
 31827 | Snake:3  | Reached skill level 10 in Armour
 32749 | Snake:3  | Noticed Mara
 32757 | Snake:3  | Killed Mara
 32810 | Snake:3  | Noticed Vashnia
 32822 | Snake:3  | Killed Vashnia
 33436 | Snake:3  | Reached XP level 18. HP: 108/108 MP: 27/36
 33602 | Snake:3  | Got a serpentine rune of Zot
 34114 | D:7      | Bought an uncursed amulet of the acrobat for 448 gold
                  | pieces
 34226 | Shoals:1 | Entered Level 1 of the Shoals
 34268 | Shoals:1 | Found a frozen archway.
 34317 | IceCv    | Entered an ice cave
 34339 | IceCv    | Offered knowledge of Mana Rupture by Vehumet.
 35026 | IceCv    | Identified the ring of Xarphuir {+Blink rElec MR+ Stlth++}
 35425 | Shoals:1 | Identified a scroll of acquirement
 35445 | Shoals:1 | Identified the cursed amulet "Enikhlix" {Inacc rF+}
 35468 | Shoals:1 | Found a basalt altar of Yredelemnul.
 35570 | Shoals:1 | Identified the +6 double sword "Qeuh" {elec, Str+2 Int+6}
                  | (You acquired it on level 1 of the Shoals)
 35570 | Shoals:1 | Identified the +1 buckler "Rihoo" {rElec rN+ Stlth+} (You
                  | acquired it on level 1 of the Shoals)
 35570 | Shoals:1 | Identified the Almanac of Darkness (You acquired it on
                  | level 1 of the Shoals)
 35976 | Shoals:2 | Reached skill level 10 in Evocations
 35982 | Shoals:2 | Reached skill level 1 in Throwing
 36402 | Shoals:3 | Entered Level 3 of the Shoals
 36846 | Shoals:3 | Offered knowledge of Glaciate by Vehumet.
 36846 | Shoals:3 | Offered knowledge of Chain Lightning by Vehumet.
 36846 | Shoals:3 | Offered knowledge of Tornado by Vehumet.
 37671 | Shoals:3 | Identified Roxanne's Volume of Stones and Moulding
 37776 | Shoals:3 | Got a barnacled rune of Zot
 38047 | Shoals:3 | Reached skill level 15 in Air Magic
 38047 | Shoals:3 | Reached XP level 19. HP: 114/114 MP: 35/37
 38071 | Shoals:3 | Identified the +7 shortbow "Elf's Doom" {seek, -Tele MR+
                  | Str-2 Dex+8} (You found it on level 3 of the Shoals)
 38653 | Vaults:1 | Entered Level 1 of the Vaults
 38839 | Vaults:1 | Found Entogethiwk's Jewellery Boutique.
 41515 | Vaults:2 | Found a staircase to the Crypt.
 42070 | Vaults:2 | Reached XP level 20. HP: 120/120 MP: 39/39
 42698 | Crypt:1  | Entered Level 1 of the Crypt
 43036 | Orc      | Bought an uncursed ring of positive energy for 280 gold
                  | pieces
 43143 | Depths:1 | Entered Level 1 of the Depths
 43144 | Depths:1 | Found a shattered altar of Ashenzari.
 43266 | Depths:1 | Found a magical portal.
 43277 | WizLab   | Entered The Roulette of Golubria
 43277 | WizLab   | Found a transporter.
 43280 | WizLab   | Found a corrupted altar of Lugonu.
 43336 | WizLab   | Found a transporter.
 43393 | WizLab   | Found a transporter.
 43445 | WizLab   | Found a transporter.
 43461 | WizLab   | Found a transporter.
 43469 | WizLab   | Found a corrupted altar of Lugonu.
 43570 | WizLab   | Found a transporter.
 43597 | WizLab   | Found a transporter.
 43619 | WizLab   | Found a transporter.
 43748 | WizLab   | Found a transporter.
 43802 | WizLab   | Found a transporter.
 43862 | WizLab   | Found a transporter.
 43862 | WizLab   | Found a transporter.
 43905 | WizLab   | Found a transporter.
 44008 | WizLab   | Found a transporter.
 44008 | WizLab   | Found a transporter.
 44116 | WizLab   | Identified the +2 cloak "Jiamem" {Int+3} (You found it in a
                  | wizard's laboratory)
 44121 | WizLab   | Identified the +1 cloak of the Guilds {+Inv Dex+4} (You
                  | found it in a wizard's laboratory)
 44134 | WizLab   | Identified the +3 cloak of Decaunn {*Corrode Regen+ Int+4}
 44190 | WizLab   | Identified the +5 cloak of Death Resistance {MR+ SInv} (You
                  | found it in a wizard's laboratory)
 44288 | WizLab   | Found a transporter.
 44288 | WizLab   | Found a transporter.
 44294 | WizLab   | Found a transporter.
 44344 | WizLab   | Found a transporter.
 44344 | WizLab   | Found a transporter.
 45282 | Depths:1 | Found a gateway to Hell.
 45332 | Depths:1 | Found a one-way gate to the infinite horrors of the Abyss.
 46243 | Slime:1  | Entered Level 1 of the Pits of Slime
 46921 | Slime:1  | Reached XP level 21. HP: 124/124 MP: 37/40
 50476 | Slime:5  | Entered Level 5 of the Pits of Slime
 50565 | Slime:5  | Noticed the Royal Jelly
 50638 | Slime:4  | Learned a level 8 spell: Chain Lightning
 50851 | Slime:5  | Killed the Royal Jelly
 50852 | Slime:5  | Reached skill level 15 in Spellcasting
 50852 | Slime:5  | Reached XP level 22. HP: 130/130 MP: 42/43
 51004 | Slime:5  | Got a slimy rune of Zot
 51045 | Slime:5  | Identified the +0 pair of boots "Dacep" {MR+ Regen+} (You
                  | found it on level 5 of the Pits of Slime)
 51050 | Slime:5  | Identified the +6 glaive "Xulantal" {chop, rN+} (You found
                  | it on level 5 of the Pits of Slime)
 51095 | Slime:5  | Identified the ring of Keniwumi {rC- rN+++ Str+3 SInv}
 51132 | Slime:5  | Identified the +11 trident of Ytuoneh {freeze, *Noise rN+++
                  | Dex+5}
 51608 | Lair:4   | Killed Kuerar's ghost
 51724 | Lair:4   | Identified the +1 pair of boots of Lakaqyock {rElec rC+
                  | SInv Stlth+} (You found it on level 4 of the Lair of
                  | Beasts)
 51846 | Forest:1 | Entered Level 1 of the Spriggan Forest
 52589 | Forest:1 | Found a hazy altar of Hepliaklqana.
 55209 | Forest:2 | Identified the +8 whip of Pechamil {pain, rElec}
 55468 | Forest:3 | Entered Level 3 of the Spriggan Forest
 55652 | Forest:3 | Found a bloodstained altar of Trog.
 56055 | Forest:3 | Identified the +6 eveningstar "Ecizuzxa" {flame, +Blink
                  | MR+}
 56055 | Forest:3 | Identified the ring "Mul Wos" {rPois rF+ rCorr Int+6 Dex-2}
 56714 | Forest:3 | Reached skill level 5 in Translocations
 56973 | Forest:3 | Noticed a caustic shrike
 56979 | Forest:3 | Killed a caustic shrike
 57680 | Forest:3 | Reached XP level 23. HP: 136/136 MP: 44/44
 57850 | Forest:3 | Noticed Agnes
 57854 | Forest:3 | Killed Agnes
 57954 | Forest:3 | Reached skill level 15 in Summonings
 57954 | Forest:3 | Reached skill level 1 in Staves
 57954 | Forest:3 | Noticed a caustic shrike
 57954 | Forest:3 | Identified the ring of Isiole {Ice *Corrode Dex+5}
 57958 | Forest:3 | Killed a caustic shrike
 58021 | Forest:3 | Identified the cursed +1 ring mail "Demmuz" {rElec rPois
                  | rF- SInv}
 58034 | Forest:3 | Identified the +11 halberd of Disarray {chop, Dex+3}
 58035 | Forest:3 | Identified the +7 hand axe of Nelatsot {freeze, rC+ Int+4}
 58072 | Forest:3 | Upgraded the game from bcrawl-1.41 to bcrawl-1.41.1
 59237 | Depths:2 | Found a gateway to a ziggurat.
 59246 | Depths:2 | Reached skill level 1 in Polearms
 59331 | Depths:2 | Noticed Louise
 59342 | Depths:2 | Killed Louise
 59535 | Depths:2 | Reached skill level 5 in Polearms
 60858 | Depths:2 | Identified the +5 flail of Putrescence {venom, rF+ Str+2
                  | Dex+2}
 61600 | Depths:2 | Identified the +4 mace "Luot" {protect, rC+ Dex+3} (You
                  | found it on level 2 of the Depths)
 61777 | Depths:3 | Noticed Zenata
 61791 | Depths:3 | HP: 5/140 [rakshasa/orb of energy (24)]
 61792 | Depths:3 | Killed from afar by a titan

Skill      XL: |  1  2  3  4  5  6  7  8  9 10 11 12 13 14 15 16 17 18 19 20 21 22 23 |
---------------+----------------------------------------------------------------------+-----
Fighting       | 1 2 3 4 5 8 10 11 12 13 | 13.0
Spellcasting   | 3 4 5 6 7 8 9 10 11 12 13 15 | 15.0
Conjurations   | 4 5 6 7 8 11 16 17 18 19 21 22 | 22.0
Air Magic      | 5 6 8 9 12 13 15 18 20 22 | 22.0
Poison Magic   | 1 |  1.0
Charms         | 2 4 5 6 7 |  7.0
Slings         | 2 |  2.0
Dodging        | 3 6 7 8 10 11 13 | 13.0
Summonings     | 4 5 7 11 13 14 15 | 15.0
Translocations | 3 4 5 |  5.0
Necromancy     | 2 3 4 |  4.0
Evocations     | 1 4 6 8 9 10 | 10.0
Shields        | 4 5 6 10 11 | 11.0
Armour         | 6 8 10 11 13 | 13.0
Stealth        | 3 |  3.0
Throwing       | 1 |  1.2
Staves         | 3 |  3.0
Polearms       | 8 |  8.0

Action                   |  1- 3 |  4- 6 |  7- 9 | 10-12 | 13-15 | 16-18 | 19-21 | 22-24 || total
-------------------------+-------+-------+-------+-------+-------+-------+-------+-------++-------
Melee: Dagger            |    59 |    75 |    81 |   105 |       |       |       |       ||   320
       Unarmed           |     3 |       |       |       |       |       |       |       ||     3
       Staff             |       |       |       |    11 |    61 |    22 |     7 |    25 ||   126
       Demon trident     |       |       |       |       |       |       |       |    13 ||    13
 Fire: Hunting sling     |     4 |       |   141 |    95 |       |       |       |       ||   240
Throw: Stone             |     3 |    39 |    20 |       |       |       |       |       ||    62
 Cast: Static Discharge  |     5 |       |       |       |       |       |       |       ||     5
       Shock             |    38 |    80 |   102 |   102 |   300 |   305 |   167 |   105 ||  1199
       Swiftness         |       |     1 |     2 |       |       |     3 |       |       ||     6
       Lightning Bolt    |       |       |     9 |    43 |    98 |    95 |   279 |   208 ||   732
       Airstrike         |       |       |     8 |    65 |   236 |   154 |   184 |   249 ||   896
       Call Imp          |       |       |     6 |    58 |    13 |       |       |       ||    77
       Mephitic Cloud    |       |       |     1 |    13 |    18 |    22 |    18 |     2 ||    74
       Regeneration      |       |       |     1 |       |       |    10 |    12 |    10 ||    33
       Summon Lightning  |       |       |       |       |    75 |   150 |   148 |    99 ||   472
       Orb of Destructio |       |       |       |       |       |    54 |    47 |     5 ||   106
       Blink             |       |       |       |       |       |     2 |     4 |     5 ||    11
       Chain Lightning   |       |       |       |       |       |       |     2 |     5 ||     7
Evoke: Wand              |       |       |       |     7 |     1 |    21 |    12 |     5 ||    46
       Staff of power    |       |       |       |     3 |    36 |   168 |   175 |   126 ||   508
       Sack of spiders   |       |       |       |     1 |       |     1 |       |     1 ||     3
       Fan of gales      |       |       |       |       |       |       |       |     1 ||     1
       Lamp of fire      |       |       |       |       |       |       |       |     1 ||     1
  Use: Scroll            |     3 |     4 |     3 |    13 |    10 |     5 |     3 |     6 ||    47
       Potion            |       |       |       |     1 |       |     4 |     2 |     3 ||    10
 Stab: Sleeping          |     1 |       |       |     1 |       |       |       |       ||     2
       Distracted        |       |       |       |     3 |     1 |       |       |       ||     4
       Paralysed         |       |       |       |     3 |       |     2 |       |       ||     5
       Confused          |       |       |       |     2 |       |       |       |       ||     2
  Eat: Chunk             |     6 |    14 |    22 |    24 |    56 |    38 |    35 |    26 ||   221
       Ration            |       |       |     1 |     4 |     4 |    12 |    11 |     7 ||    39
Armor: Robe              |    15 |     3 |       |       |       |       |       |       ||    18
       Leather armour    |       |    19 |    32 |     6 |       |       |       |       ||    57
       Troll leather arm |       |       |       |    21 |       |       |       |       ||    21
       Ring mail         |       |       |       |     9 |    50 |       |     7 |       ||    66
       Acid dragon scale |       |       |       |       |     5 |    91 |    35 |    48 ||   179
Dodge: Dodged            |    57 |    57 |    74 |   133 |   125 |   223 |   110 |   133 ||   912
Block: Buckler           |       |       |       |    37 |    62 |    60 |       |       ||   159
       Medium shield     |       |       |       |       |       |    50 |    81 |    89 ||   220
